 Dungeon Crawl Stone Soup version 0.25.1-2-g60ff931df9 (webtiles) character file.

Game seed: 431796851807132538

18 MajorAdolf the Firebug (level 2, -4/26 HPs)
             Began as a Naga Wanderer on Oct 11, 2020.
             Slain by an iguana (12 damage)
             ... on level 2 of the Dungeon.
             The game lasted 00:01:36 (967 turns).

MajorAdolf the Firebug (Naga Wanderer)               Turns: 967, Time: 00:01:36

Health: -4/26      AC:  5    Str: 14    XL:     2   Next: 70%
Magic:  6/6        EV:  1    Int: 12    God:
Gold:   31         SH:  0    Dex: 10    Spells: 6/7 levels left

rFire    . . .     SeeInvis +   e - +2 dagger (venom)
rCold    . . .     Gourm    .   (no shield)
rNeg     . . .     Faith    .   j - +0 plate armour
rPois    +         Spirit   .   (no helmet)
rElec    .         Reflect  .   (no cloak)
rCorr    .         Harm     .   (no gloves)
MR       .....                  (no barding)
Stlth    ..........             (no amulet)
HPRegen  0.08/turn              (no ring)
MPRegen  0.10/turn              (no ring)

@: very slow
A: large, see invisible, deformed body, poison resistance, slowness 2, slow
metabolism 1, spit poison 1, AC +0
a: Spit Poison


You were on level 2 of the Dungeon.
You were not hungry.

You visited 1 branch of the dungeon, and saw 2 of its levels.

You collected 31 gold pieces.

Inventory:

Hand Weapons
 e - a +2 dagger of venom (weapon)
Armour
 d - a +0 robe
 j - a +0 plate armour (worn)
Scrolls
 a - a scroll of identify {unknown}
 c - a scroll of teleportation
 h - a scroll of blinking {unknown}
 i - a scroll of magic mapping {unknown}
 k - a scroll of enchant armour {unknown}
Potions
 b - a potion of curing
Comestibles
 f - 2 rations
 g - a chunk of flesh


   Skills:
 + Level 2.2 Fighting
 - Level 1.5 Stealth
 - Level 3.0 Spellcasting
   Level 1.0 Charms
   Level 3.0 Fire Magic
   Level 1.3 Poison Magic
   Level 1.0 Evocations


You had 6 spell levels left.
You knew the following spells:

 Your Spells              Type           Power        Failure   Level  Hunger
a - Magic Dart            Conj           #...         100%        1    #......

Your spell library contained the following spells:

 Spells                   Type           Power        Failure   Level  Hunger
 Blink                    Tloc           N/A          100%        2    ###....
 Call Imp                 Summ           #.......     100%        2    ###....
 Slow                     Hex            #.......     100%        2    ###....
 Conjure Flame            Conj/Fire      #.......     100%        3    ###....
 Mephitic Cloud           Conj/Pois/Air  #.......     100%        3    ###....


Dungeon Overview and Level Annotations

Branches:
Dungeon (1/15)

Altars:


Innate Abilities, Weirdness & Mutations

You cannot wear boots.
Your serpentine skin is tough. (AC +0)
You have supernaturally acute eyesight. (SInv)
Armour fits poorly on your strangely shaped body.
Your system is resistant to poisons. (rPois)
You cover ground very slowly.
You have a slow metabolism.
You can spit poison.


Message History

The splash of poison hits the iguana.
The iguana is poisoned.
The iguana is moderately wounded.
You feel slightly more hungry.
You hit the iguana but do no damage.
The iguana is moderately wounded.
The iguana bites you but does no damage.
You hit the iguana but do no damage.
The iguana looks even sicker.
The iguana is moderately wounded.
The iguana bites you!
You hit the iguana but do no damage.
The iguana looks as sick as possible!
The iguana is moderately wounded.
The iguana bites you.
You hit the iguana but do no damage.
The iguana is moderately wounded.
The iguana bites you.
The iguana bites you but does no damage.
You have got your breath back.
The iguana hisses menacingly.
The iguana bites you!
You die...

#################
#............>.>.
.##########.##############.
.........l@.# #.
############# #. #######.
........ ######.. #.. #..
#.. #..


You could see an iguana (very poisoned).

Vanquished Creatures
  A worm (D:2)
  A bat (D:2)
  4 goblins (D:1)
  2 hobgoblins (D:1)
  A kobold (D:1)
  4 frilled lizards
  2 rats (D:1)
15 creatures vanquished.

Notes
Turn   | Place    | Note
-------+----------+-------------------------------------------
     0 | D:1      | MajorAdolf the Naga Wanderer began the quest for the Orb.
     0 | D:1      | MajorAdolf set off with the following items: a +0 club, a
                  | potion of curing, a scroll of teleportation, a +0 robe, a
                  | ration; and the following spell memorised: Magic Dart; and
                  | the following spells available to memorise: Blink, Call
                  | Imp, Slow, Conjure Flame, Mephitic Cloud
     0 | D:1      | Reached XP level 1. HP: 15/15 MP: 4/4
    85 | D:1      | Reached skill level 1 in Fighting
   382 | D:1      | Reached XP level 2. HP: 25/25 MP: 6/6
   791 | D:1      | You fall into a shaft and drop 1 floor!
   967 | D:2      | Slain by an iguana

Illustrated notes

Levels and vault maps discovered:
D:1:      minmay_arrival_hallway, layout_basic, chequers_jeans,
          chequers_serial_rivers_micro_c
D:2:      layout_loops_ring, first_ration

Skill      XL: |  1  2 |
---------------+-------+-----
Fighting       | 1 2 |  2.2
Stealth        | |  1.5
Spellcasting   | |  3.0
Charms         | |  1.0
Fire Magic     | |  3.0
Poison Magic   | |  1.3
Evocations     | |  1.0

Action                   || total
-------------------------++-------
Melee: Dagger            ||    38
       Club              ||     2
 Abil: Spit Poison       ||     6
Armor: Plate armour      ||    17
Dodge: Dodged            ||     6
